 Dungeon Crawl Stone Soup version 0.23.2 (webtiles) character file.

Game seed: 15836028161005547303

274 Borgoz the Ducker (level 6, -2/51 HPs)
             Began as a Ghoul Gladiator on Apr 4, 2019.
             Killed by divine providence
             ... invoked by an orc priest
              (12 damage)
             ... on level 4 of the Dungeon.
             The game lasted 00:06:12 (2732 turns).

Borgoz the Ducker (Ghoul Gladiator)                 Turns: 2732, Time: 00:06:12

Health: -2/51      AC: 11    Str: 18    XL:     6   Next: 24%
Magic:  5/5        EV:  8    Int:  4    God:
Gold:   199        SH:  0    Dex: 11    Spells: 3/5 levels left

rFire    . . .     SeeInvis .   r - +1 short sword (vamp)
rCold    + . .     Gourm    .   (no shield)
rNeg     + + +     Faith    .   i - +0 chain mail
rPois    ∞         Spirit   .   c - +0 helmet
rElec    .         Reflect  .   (no cloak)
rCorr    .         Harm     .   b - +0 pair of gloves
MR       .....                  (no boots)
Stlth    ..........             (no amulet)
HPRegen  0.00/turn              (no ring)
MPRegen  0.09/turn              (no ring)

@: flying, rotting
A: rotting body, claws 1, carnivore, cold resistance 1, negative energy
resistance 3, inhibited regeneration, torment resistance, unbreathing
a: no special abilities


You were on level 4 of the Dungeon.
You were not hungry.

You visited 1 branch of the dungeon, and saw 4 of its levels.

You collected 199 gold pieces.

Inventory:

Hand Weapons
 a - a +0 rapier
 r - a +1 vampiric short sword (weapon)
Missiles
 d - 2 throwing nets (quivered)
 q - 3 javelins of returning
Armour
 b - a +0 pair of gloves (worn)
 c - a +0 helmet (worn)
 i - a +0 chain mail (worn)
Wands
 j - a wand of random effects (18)
Scrolls
 e - a scroll of noise {unknown}
 g - a scroll of fear {unknown}
 l - 2 scrolls of remove curse
 p - 3 scrolls of teleportation
Potions
 n - a potion of heal wounds {unknown}
 t - a potion of haste {unknown}
Comestibles
 f - 5 rations
 k - 5 chunks of flesh


   Skills:
 + Level 3.2 Fighting
 * Level 3.7 Short Blades
 - Level 1.7 Throwing
 * Level 2.3 Armour
 * Level 3.8 Dodging
 + Level 1.8 Stealth
 + Level 0.7 Translocations
 + Level 0.7 Evocations


You had 3 spell levels left.
You knew the following spells:

 Your Spells              Type           Power        Failure   Level  Hunger
a - Blink                 Tloc           N/A          100%        2    ###....

Your spell library contained the following spells:

 Spells                   Type           Power        Failure   Level  Hunger
 Magic Dart               Conj           #...         100%        1    ##.....
 Call Imp                 Summ           #.......     100%        2    ###....
 Slow                     Hex            #.......     100%        2    ###....
 Conjure Flame            Conj/Fire      #.......     100%        3    ####...
 Mephitic Cloud           Conj/Pois/Air  #.......     100%        3    ####...


Dungeon Overview and Level Annotations

Branches:
Dungeon (4/15)
 Temple: D:4-7

Altars:
Elyvilon
Gozag
Hepliaklqana
Okawaru
Xom


Innate Abilities, Weirdness & Mutations

Your body is rotting away.
You thrive on raw meat.
You are immune to poison.
You have sharp fingernails.
You are carnivorous and can eat meat at any time.
Your flesh is cold resistant. (rC+)
You are immune to negative energy. (rN+++)
You do not regenerate when monsters are visible.
You are immune to unholy pain and torment.
You can survive without breathing.


Message History

You feel very buoyant.
You fly up into the air.
The orc priest hits you but does no damage.
You feel better. The orc hits you with a +0 flail.
The orc priest invokes the aid of Beogh against you.
Beogh smites you!
* * * LOW HITPOINT WARNING * * *
You feel better.
The orc priest hits you but does no damage.
The orc barely misses you.
You hit the orc priest but do no damage.
The orc priest is almost dead.
The orc priest hits you with a +0 war axe!
* * * LOW HITPOINT WARNING * * *
The orc hits you but does no damage.
You hit the orc priest.
You feel better.
You kill the orc priest!
The orc priest invokes the aid of Beogh against you.
Beogh smites you!
You die...

......#### .#
.........# ..#
...../...## #.#
..........##..####
.>................
......†...<#.####
....!...##...#
.........##.....
#......#@# ...###
###.....)oo.....
##....#oo#.#.##
#.#.. o.#.#.#
#.#.. ..#.. #
#.#.. ... ##. ....
## .....


You could see 2 orc priests and 3 orcs.

Vanquished Creatures
  An orc priest (D:4)
  Ijyb (D:2)
  4 gnolls (D:3)
  7 adders
  3 oozes
  2 worms
  2 dart slugs
  6 leopard geckos
  An orc (D:3)
  A ball python (D:2)
  4 giant cockroaches
  12 goblins
  11 hobgoblins
  7 jackals
  10 kobolds
  A quokka (D:2)
  9 bats
  3 frilled lizards (D:1)
  5 rats
90 creatures vanquished.

Notes
Turn   | Place    | Note
-------+----------+-------------------------------------------
     0 | D:1      | Borgoz the Ghoul Gladiator began the quest for the Orb.
     0 | D:1      | Reached XP level 1. HP: 17/17 MP: 0/0
   144 | D:1      | Reached XP level 2. HP: 20/24 MP: 1/1
   529 | D:1      | Reached XP level 3. HP: 28/30 MP: 2/2
   939 | D:2      | Reached skill level 1 in Armour
  1125 | D:2      | Reached skill level 1 in Stealth
  1198 | D:2      | Noticed Ijyb
  1243 | D:2      | Killed Ijyb
  1243 | D:2      | Reached XP level 4. HP: 17/37 MP: 3/3
  1464 | D:2      | Found a white marble altar of Elyvilon.
  1782 | D:2      | Reached XP level 5. HP: 40/44 MP: 4/4
  1900 | D:2      | Found a white marble altar of Elyvilon.
  1900 | D:2      | Found an iron altar of Okawaru.
  2171 | D:3      | Learned a level 2 spell: Blink
  2530 | D:3      | Found an opulent altar of Gozag.
  2604 | D:3      | Reached XP level 6. HP: 22/51 MP: 5/5
  2655 | D:3      | Found a shimmering altar of Xom.
  2656 | D:3      | Found a hazy altar of Hepliaklqana.
  2656 | D:3      | Noticed a death ooze
  2657 | D:3      | Noticed a death ooze
  2657 | D:3      | Noticed a spectral ugly thing
  2732 | D:4      | Killed from afar by an orc priest

Skill      XL: |  1  2  3  4  5 |
---------------+----------------+-----
Dodging        | 3 |  3.8
Short Blades   | 3 |  3.7
Armour         | 1 2 |  2.3
Stealth        | 1 |  1.8
Fighting       | 3 |  3.2
Throwing       | |  1.7
Translocations | |  0.7
Evocations     | |  0.7

Action                   |  1- 3 |  4- 6 || total
-------------------------+-------+-------++-------
Melee: Rapier            |   136 |   100 ||   236
       Short sword       |       |   151 ||   151
Throw: Throwing net      |     2 |       ||     2
  Use: Scroll            |       |     5 ||     5
       Potion            |       |     5 ||     5
 Stab: Held in net/web   |     2 |       ||     2
  Eat: Chunk             |     7 |     8 ||    15
Armor: Leather armour    |    32 |     3 ||    35
       Chain mail        |       |   187 ||   187
Dodge: Dodged            |    90 |   151 ||   241
